 Dungeon Crawl Stone Soup version 0.30-a0-737-gf23d94013f (webtiles) character file.

Game seed: 7095578858809597032

4815 Gelion the Destroyer (level 10, -6/76 HPs)
             Began as a Demonspawn Conjurer on Feb 3, 2023.
             Was an Initiate of Gozag.
             Mangled by a fire bat (8 damage)
             ... on level 8 of the Dungeon.
             The game lasted 00:22:16 (11446 turns).

Gelion the Destroyer (Demonspawn Conjurer)         Turns: 11446, Time: 00:22:18

Health: -6/76      AC:  2    Str:  8    XL:     10   Next: 24%
Magic:  0/19       EV: 12    Int: 23    God:    Gozag
Gold:   645        SH:  0    Dex: 12    Spells: 14/21 levels left

rFire   . . .      SeeInvis +    t - -1 demon whip
rCold   . . .      Faith    .    (no shield)
rNeg    . . .      Spirit   .    a - +0 robe
rPois   .          Reflect  .    (no helmet)
rElec   .          Harm     .    l - scarf {repulsion}
rCorr   +          Rampage  .    (gloves unavailable)
Will    .....                    (no boots)
Stlth   ++                       m - amulet of regeneration
HPRegen 1.12/turn                j - ring of resist corrosion
MPRegen 0.16/turn                (no ring)

@: repel missiles
A: powered by death 2, demonic touch 3, see invisible
a: Renounce Religion, Potion Petition, Call Merchant, Bribe Branch


You were on level 8 of the Dungeon.
You worshipped Gozag.
Gozag was pleased with you.
You visited 2 branches of the dungeon, and saw 9 of its levels.

You collected 864 gold pieces.
You spent 110 gold pieces at shops.
You paid 109 gold pieces to Gozag.

Inventory:

Hand Weapons
 t - a -1 demon whip (weapon)
Armour
 a - a +0 robe (worn)
 l - a scarf of repulsion (worn)
Jewellery
 h - an amulet of the acrobat
 j - a ring of resist corrosion (left hand)
 m - an amulet of regeneration (around neck)
 C - a ring of poison resistance
Wands
 o - a wand of polymorph (13)
 r - a wand of roots (8)
Scrolls
 c - 3 scrolls of teleportation
 f - a scroll of blinking
 g - 2 scrolls of noise {unknown}
 u - 5 scrolls of identify
 v - a scroll of enchant armour {unknown}
 x - a scroll of poison {unknown}
 y - a scroll of torment {unknown}
 A - a scroll of magic mapping {unknown}
 B - a scroll of amnesia {unknown}
 D - a scroll of vulnerability {unknown}
Potions
 b - a potion of magic
 d - a potion of haste
 e - 2 potions of brilliance {unknown}
 i - 4 potions of flight
 k - 3 potions of heal wounds {unknown}
 n - a potion of attraction
 p - a potion of invisibility
 q - 2 potions of curing {unknown}
 s - a potion of resistance {unknown}
 w - 2 potions of ambrosia {unknown}
 z - a potion of degeneration {unknown}


   Skills:
 + Level 6.2 Fighting
 + Level 4.8 Maces & Flails
 - Level 1.7 Dodging
 - Level 1.7 Stealth
 + Level 6.2 Spellcasting
 * Level 10.1 Conjurations
 + Level 5.0 Translocations


You had 14 spell levels left.
You knew the following spells:

 Your Spells              Type           Power      Damage    Failure   Level
a - Magic Dart            Conj           100%       1d8       1%          1
b - Searing Ray           Conj           100%       2d8       1%          2
c - Iskenderun's Mystic   Conj/Tloc      41%        2d9       3%          4

Your spell library contained the following spells:

 Spells                   Type           Power      Damage    Failure   Level
 Dazzling Flash           Conj/Hex       60%        N/A       3%          3
 Beastly Appendage        Tmut           14%        N/A       9%          1
 Fulminant Prism          Conj/Hex       15%        3d11      11%         4
 Wereblood                Tmut           7%         N/A       13%         2
 Spider Form              Tmut/Pois      7%         N/A       26%         3
 Summon Ice Beast         Ice/Summ       7%         N/A       63%         4
 Summon Mana Viper        Hex/Summ       7%         N/A       93%         5
 Monstrous Menagerie      Summ           3%         N/A       100%        7


Dungeon Overview and Level Annotations

Branches:
Dungeon (8/15)             Temple (1/1) D:6
   Lair: D:8-11

Altars:
Ashenzari
Cheibriados
Gozag
Makhleb
Nemelex Xobeh
Okawaru
Ru
Sif Muna
Trog
Uskayaw
Vehumet
Wu Jian
Xom
Yredelemnul

Shops:
D:5 !*

Portals:
Abyss: D:3

Annotations:
D:3 2 transporters, y3s's ghost, weakling MiMo


Innate Abilities, Weirdness & Mutations

You regenerate health from kills.
Your touch may irresistibly damage your foes and sap their willpower.
You have supernaturally acute eyesight. (SInv)


Message History

The fire bat misses you.
The hell hound is distracted by your dazzling golden aura.
The fire bat barely misses you.
There is a stone staircase leading down here.
The fire bat bites you.
You are engulfed in flames.
The fire bat closely misses you.
The fire bat bites you but does no damage.
The fire bat bites you.
You are engulfed in flames!
The fire bat barely misses you. The fire bat bites you.
You are engulfed in flames.
The fire bat barely misses you. The fire bat attacks as you move away!
The fire bat bites you.
You are engulfed in flames!
The fire bat bites you but does no damage.
The fire bat completely misses you. The fire bat bites you.
* * * LOW HITPOINT WARNING * * *
You are engulfed in flames.
* * * LOW HITPOINT WARNING * * *
The fire bat bites you.
* * * LOW HITPOINT WARNING * * *
You are engulfed in flames.
* * * LOW HITPOINT WARNING * * *
Okay, then.
Blink to where?
Press: ? - help, Dir - move target
As you read the scroll of blinking, it crumbles to dust.
Casting: Searing Ray (safe; 1% risk of failure)
Confirm with . or Enter, or press ? or * to list all spells.
You erupt in a blast of force!
The mystic blast hits the fire bat!
The fire bat is heavily wounded.
The fire bat bites you.
* * * LOW HITPOINT WARNING * * *
You are engulfed in flames!
* * * LOW HITPOINT WARNING * * *
The fire bat bites you.
* * * LOW HITPOINT WARNING * * *
You are engulfed in flames!
You die...
Your body crumbles into a pile of gold.

#.......##.## #..####..##.....
#........#.#######....#...#......
#..##.........##.........##......
...##.....###............#.......
...##....## ##...................
##.......# ##......#####........
##.....#####.......# ##.......
#......##.....b...# #......>
##..###.....#..@...## ##..b....
##...# #..####.......####........
#...## #..# ##........##........
#..## #.## ##...####...........
...# #.# ##...## ###.........
##.# #.# ##..#.# ##.#.####.. ##.#
#.###..#.## ##.###.# ### ##
#.##..#.## #.## ### # #..#.## ###


You could see a fire bat.

Vanquished Creatures
  2 two-headed ogres (D:8)
  A komodo dragon (D:7)
  Sigmund (D:6)
  A fire bat (D:8)
  A steam dragon (D:8)
  An acid dragon (D:8)
  A water moccasin (D:6)
  An orc warrior (D:8)
  A sky beast (D:8)
  A black bear (D:6)
  3 ogres
  3 centaurs
  2 kobold brigands (D:6)
  2 phantoms
  2 gnoll sergeants
  2 bullfrogs (D:8)
  A scorpion (D:6)
  2 necrophages
  5 wights (D:8)
  A howler monkey (D:5)
  8 hounds
  A jelly (D:5)
  5 orc priests
  Terence (D:2)
  4 iguanas
  2 orc wizards (D:8)
  Robin (D:2)
  10 gnolls
  7 adders
  5 river rats (D:5)
  A white imp (D:7)
  2 ufetubi
  A worm (D:2)
  4 dart slugs
  36 orcs
  6 ball pythons
  5 bats
  6 endoplasms
  3 giant cockroaches
  11 hobgoblins
  7 jackals
  8 quokkas
  6 frilled lizards
  13 goblins
  21 kobolds
  18 rats
  A spectral kobold (D:1)
227 creatures vanquished.

Vanquished Creatures (others)
  A fire vortex (D:8)
1 creature vanquished.

Grand Total: 228 creatures vanquished

Notes
Turn   | Place    | Note
-------+----------+-------------------------------------------
     0 | D:1      | Gelion the Demonspawn Conjurer began the quest for the Orb.
     0 | D:1      | Reached XP level 1. HP: 13/13 MP: 3/3
   244 | D:1      | Gained mutation: You regenerate a little health from kills.
                  | [demonic ancestry]
   244 | D:1      | Reached XP level 2. HP: 14/20 MP: 3/5
   305 | D:1      | Found a faded altar of an unknown god.
  1007 | D:2      | Noticed Robin
  1020 | D:1      | Reached skill level 1 in Fighting
  1024 | D:1      | Learned a level 2 spell: Searing Ray
  1206 | D:2      | Gained mutation: Your touch may inflict minor irresistible
                  | damage on your foes. [demonic ancestry]
  1206 | D:2      | Reached XP level 3. HP: 26/26 MP: 3/6
  1321 | D:2      | Noticed Terence
  1329 | D:2      | Killed Terence
  1477 | D:2      | Gained mutation: Your touch may inflict irresistible damage
                  | on your foes. [demonic ancestry]
  1477 | D:2      | Reached XP level 4. HP: 28/32 MP: 0/7
  1606 | D:2      | Reached skill level 5 in Conjurations
  2088 | D:2      | Killed Robin
  2764 | D:3      | Reached XP level 5. HP: 38/38 MP: 6/9
  2867 | D:3      | Found a transporter.
  2875 | D:3      | Noticed a small abomination
  2960 | D:3      | Found a one-way gate to the infinite horrors of the Abyss.
  2960 | D:3      | Noticed y3s's ghost (weakling MiMo)
  2986 | D:3      | Found a transporter.
  3720 | D:4      | Learned a level 4 spell: Iskenderun's Mystic Blast
  4061 | D:5      | Entered Level 5 of the Dungeon
  4066 | D:5      | Found Umomp's Distillery.
  4095 | D:4      | Reached XP level 6. HP: 32/46 MP: 0/10
  4357 | D:5      | Reached skill level 6 in Conjurations
  4496 | D:4      | Reached skill level 1 in Translocations
  4760 | D:5      | Found Riem's Lightly-Used Armoury.
  4774 | D:5      | Bought a -1 demon whip for 110 gold pieces
  5215 | D:5      | Gained mutation: You regenerate health from kills. [demonic
                  | ancestry]
  5215 | D:5      | Reached XP level 7. HP: 36/52 MP: 0/12
  5243 | D:5      | Reached skill level 1 in Maces & Flails
  5749 | D:5      | Found a basalt altar of Yredelemnul.
  5749 | D:5      | Found a broken altar of Ashenzari.
  5750 | D:5      | Found an iron altar of Okawaru.
  6037 | D:6      | Reached skill level 7 in Conjurations
  6196 | D:5      | HP: 2/53 [gnoll/+0 spear[a gnoll sergeant] (4)]
  6199 | D:5      | Gained mutation: You have supernaturally acute eyesight.
                  | (SInv) [potion of mutation]
  6202 | D:5      | Gained mutation: Your touch may irresistibly damage your
                  | foes and sap their willpower. [demonic ancestry]
  6202 | D:5      | Reached XP level 8. HP: 8/60 MP: 14/14
  6527 | D:6      | Found a staircase to the Ecumenical Temple.
  6536 | Temple   | Entered the Ecumenical Temple
  6565 | Temple   | Became a worshipper of Gozag Ym Sagoz the Greedy
  6593 | D:6      | Noticed Sigmund
  6598 | D:6      | Killed Sigmund
  6766 | D:6      | Found a bloodstained altar of Trog.
  7256 | D:6      | Reached skill level 8 in Conjurations
  7765 | D:6      | Found a burning altar of Makhleb.
  7775 | D:6      | Found a hide-covered altar of Uskayaw.
  8232 | D:7      | Reached skill level 5 in Spellcasting
  8673 | D:7      | Found a sparkling altar of Nemelex Xobeh.
  8763 | D:7      | Reached XP level 9. HP: 54/67 MP: 10/16
  8803 | D:7      | Noticed a komodo dragon
  8816 | D:7      | Killed a komodo dragon
  8817 | D:7      | Reached skill level 5 in Fighting
  9539 | D:8      | Noticed a two-headed ogre
  9664 | D:8      | Killed a two-headed ogre
  9665 | D:8      | Reached skill level 9 in Conjurations
 10033 | D:8      | HP: 3/69 [centaur/arrow (15)]
 10839 | D:8      | Reached XP level 10. HP: 76/76 MP: 7/18
 11241 | D:8      | Noticed a two-headed ogre
 11251 | D:8      | Killed a two-headed ogre
 11252 | D:8      | Reached skill level 10 in Conjurations
 11252 | D:8      | Reached skill level 5 in Translocations
 11445 | D:8      | HP: 2/76 [fire bat (7)]
 11446 | D:8      | Mangled by a fire bat

Illustrated notes

Levels and vault maps discovered:
D:1:      dpeg_arrival_arbitrary_c, layout_basic,
          dreamdust_ecumenical_altar_drowned_temple
D:2:      minmay_spotlight, layout_loops_corners,
          chequers_serial_rivers_large_a, uniq_robin, uniq_terence
D:3:      layout_rooms, gammafunk_ghost_abyssal_escape
D:4:      layout_rooms
D:5:      lemuel_ratsnest, layout_gridville,
          chequers_temple_overflow_statue_of_worship, serial_shops,
          nicolae_inconvenience_store, minmay_shop_damaged, minivault_19
D:6:      layout_layer_cave, mainiacjoe_overflow_boulevard,
          amethyst_overflow_temple_binary, minmay_temple_entry_hall,
          uniq_sigmund
D:7:      layout_layer_cave, mainiacjoe_overflow_chevrons
D:8:      layout_layer_cave, hangedman_incinerator
Temple:   nicolae_temple_ecumenical_triangle

Skill      XL: |  1  2  3  4  5  6  7  8  9 10 |
---------------+-------------------------------+-----
Fighting       | 1 2 3 4 6 |  6.2
Conjurations   | 5 6 7 8 9 10 | 10.1
Spellcasting   | 3 4 5 6 |  6.2
Translocations | 1 2 3 4 5 |  5.0
Maces & Flails | 2 3 4 |  4.8
Dodging        | |  1.7
Stealth        | |  1.7

Action                     |  1- 3 |  4- 6 |  7- 9 | 10-12 || total
---------------------------+-------+-------+-------+-------++-------
  Melee: Unarmed           |    35 |     9 |       |       ||    44
         Punch             |     2 |       |       |       ||     2
         Touch             |       |     4 |    15 |       ||    19
         Demon whip        |       |     6 |    77 |       ||    83
   Cast: Magic Dart        |    55 |   161 |   131 |     3 ||   350
         Searing Ray       |     1 |    13 |    43 |    11 ||    68
         Iskenderun's Myst |       |       |    10 |     7 ||    17
    Use: Potion            |     1 |       |     5 |       ||     6
         Scroll            |       |     4 |     1 |     1 ||     6
 Armour: Skin              |    15 |       |       |       ||    15
         Robe              |    10 |    11 |    18 |     3 ||    42
  Dodge: Dodged            |    47 |    52 |   113 |    18 ||   230
         Repelled          |       |     2 |     2 |       ||     4

Table legend: (Time is in decaauts)
 A = Elapsed time spent in this place.
 B = Non-inter-level travel time spent in this place.
 C = Inter-level travel time spent in this place.
 D = Time resting spent in this place.
 E = Time spent auto-exploring this place.
 F = Levels seen in this place.
 G = Mean time per level.
                   A        B        C        D        E       F      G
               +--------+--------+--------+--------+--------+-----+--------+
         Total |  11448 |  11118 |    330 |    704 |   9033 |   9 | 1272.0 |
       Dungeon |  11399 |  11069 |    330 |    704 |   8999 |   8 | 1424.9 |
        Temple |     48 |     48 |      0 |      0 |     34 |   1 |   48.0 |
               +--------+--------+--------+--------+--------+-----+--------+

Top non-repeatable levels by time:
     D:5: 1919 daAuts
     D:8: 1831 daAuts
     D:6: 1758 daAuts
     D:7: 1515 daAuts
     D:2: 1409 daAuts
     D:1: 1282 daAuts
     D:4: 1057 daAuts
     D:3: 626 daAuts
  Temple: 48 daAuts
